 Dungeon Crawl Stone Soup version 0.21.2 (webtiles) character file.

8 glosham the Chopper (level 2, 0/24 HPs)
             Began as a Formicid Berserker on Dec 18, 2018.
             Was a Follower of Trog.
             Slain by a hobgoblin
             ... wielding a +0 club
              (4 damage)
             ... on level 1 of the Dungeon.
             The game lasted 00:02:57 (184 turns).

glosham the Chopper (Formicid Berserker)             Turns: 184, Time: 00:02:58

Health: 0/24       AC:  3    Str: 21    XL:     2   Next: 15%
Magic:  2/2        EV: 11    Int:  6    God:    Trog [*.....]
Gold:   24         SH:  0    Dex: 10    Spells: 1/1 levels left

rFire    . . .     SeeInvis +   a - +0 hand axe
rCold    . . .     Gourm    .   (no shield)
rNeg     . . .     Faith    .   e - +0 leather armour (curse)
rPois    .         Spirit   .   (helmet unavailable)
rElec    .         Reflect  .   (no cloak)
rCorr    .         Harm     .   (no gloves)
MR       .....                  (no boots)
Stlth    +.........             (no amulet)
HPRegen  0.08/turn              (no ring)
MPRegen  0.08/turn              (no ring)

@: no status effects
A: permanent stasis, dig shafts and tunnels, four strong arms, antennae 3
a: Dig, Shaft Self, Burn Spellbooks, Renounce Religion


You were on level 1 of the Dungeon.
You worshipped Trog.
Trog was aware of your devotion.
You were not hungry.

You visited 1 branch of the dungeon, and saw 2 of its levels.

You collected 24 gold pieces.

Inventory:

Hand Weapons
 a - a +0 hand axe (weapon)
Armour
 b - a +0 animal skin
 e - a cursed +0 leather armour (worn)
Potions
 d - a potion of lignification {unknown}
Comestibles
 c - 2 rations


   Skills:
 - Level 3.2 Fighting
 * Level 3.5 Axes
 - Level 2.1 Armour
 - Level 1.7 Dodging


You had one spell level left.
You didn't know any spells.

Dungeon Overview and Level Annotations

Branches:
Dungeon (2/15)

Altars:


Innate Abilities, Weirdness & Mutations

You cannot be hasted, slowed, berserked, paralysed or teleported.
You can dig through walls and to a lower floor.
Your four strong arms can wield two-handed weapons with a shield.
You have a pair of large antennae on your head. (SInv)


Message History

You see here a dyed leather armour.
e - a dyed leather armour You completely miss the kobold.
The kobold hits you with a short sword.
You closely miss the kobold.
The kobold hits you with a short sword. x2
You hit the kobold.
The kobold is moderately wounded.
The kobold hits you with a short sword.
* * * LOW HITPOINT WARNING * * *
You barely miss the kobold. The kobold hits you but does no damage.
You closely miss the kobold. The kobold barely misses you.
You hit the kobold.
You kill the kobold!
Trog accepts your kill.
Wear which item? (? for menu, Esc to quit)
You finish taking off your +0 animal skin.
You finish putting on your cursed +0 leather armour.
Oops, that feels deathly cold.
Drop what? 5/52 slots (_ for help) (? for menu, Esc to quit)
Okay, then.
A hobgoblin comes into view. It is wielding a club.
The hobgoblin shouts!
You hear a shout!
The hobgoblin moves out of view.
You see here a short sword.
A kobold comes into view. It is wielding a whip.
The kobold shouts!
You see here a short sword.
A leopard gecko comes into view.
The leopard gecko hisses angrily.
You hit the hobgoblin but do no damage. The hobgoblin closely misses you.
You hit the hobgoblin.
The hobgoblin is heavily wounded.
The hobgoblin hits you with a club.
* * * LOW HITPOINT WARNING * * *
You closely miss the hobgoblin.
The hobgoblin is heavily wounded.
The hobgoblin barely misses you.
You closely miss the hobgoblin.
The hobgoblin is heavily wounded.
The hobgoblin hits you with a club.
You die...

###.#.#.#..
#############.>........
#.............#.###.#..
#.############.## #.#
#....)..#
#.######.#####.##
#.....# ##.#### #####.#
#....###.. #@#.###...
#g#.# #..# {
......lK#.# #..#
.{..##..#.# #..# { .K
......##..##
..#.#..#....#
.....####....# ....###
##.<## ..... ####


You could see a leopard gecko, a hobgoblin and a kobold.

Vanquished Creatures
  A goblin (D:1)
  4 jackals (D:2)
  A kobold (D:1)
6 creatures vanquished.

Notes
Turn   | Place    | Note
-------+----------+-------------------------------------------
     0 | D:1      | glosham the Formicid Berserker began the quest for the Orb.
     0 | D:1      | Reached XP level 1. HP: 18/18 MP: 1/1
     3 | D:1      | You fall through a shaft!
   152 | D:1      | Reached XP level 2. HP: 12/24 MP: 2/2
   184 | D:1      | Slain by a hobgoblin

Action                   || total
-------------------------++-------
Melee: Hand axe          ||    53
 Abil: Shaft Self        ||     1
Armor: Animal skin       ||    12
Dodge: Dodged            ||    39

Table legend:
 A = Turns spent in this place as a percentage of turns spent in the entire game.
 B = Non-inter-level travel turns spent in this place as a percentage of non-inter-level travel turns spent in the entire game.
 C = Inter-level travel turns spent in this place as a percentage of turns spent in this place.
 D = Turns resting spent in this place as a percentage of non-inter-level travel turns spent in this place.
 E = Turns spent auto-exploring this place as a percentage of non-inter-level travel turns spent in this place.
 F = Non-inter-level travel turns spent in this place divided by the number of levels of this place that you've seen.
                   A       B       C       D       E      F
               +-------+-------+-------+-------+-------+----------------------
         Total | 100.0 | 100.0 |   0.0 |   0.0 |   0.0 |  92.0
       Dungeon | 100.0 | 100.0 |   0.0 |   0.0 |   0.0 |  92.0
               +-------+-------+-------+-------+-------+----------------------

Table legend:
 A = Kills in this place as a percentage of kills in entire the game.
 B = Kills by you in this place as a percentage of kills by you in the entire game.
 C = Kills by friends in this place as a percentage of kills by friends in the entire game.
 D = Other kills in this place as a percentage of other kills in the entire game.
 E = Experience gained in this place as a percentage of experience gained in the entire game.
 F = Experience gained in this place divided by the number of levels of this place that you have seen.
                   A       B       C       D       E      F
               +-------+-------+-------+-------+-------+----------------------
         Total | 100.0 | 100.0 |   N/A |   N/A | 100.0 |   6.0
       Dungeon | 100.0 | 100.0 |   N/A |   N/A | 100.0 |   6.0
               +-------+-------+-------+-------+-------+----------------------

Vault maps used:
D:1:      minmay_arrival_wavy_path, minmay_rat_gold_closets
D:2:      grunt_temple_overflow_order_and_chaos_1, serial_co_window_serial,
          co_window_paths_a, co_window_corner_a, co_window_of_opportunity_a,
          co_window_paths_a, co_window_paths_a, co_window_paths_b,
          co_window_of_opportunity_b, co_window_of_opportunity_b,
          co_window_of_opportunity_b, co_window_4corner_b, glass_columns_a
